 Dungeon Crawl Stone Soup version 0.29.0-13-gc9e81de378 (webtiles) character file.

Game seed: 8278248624396403063

1633 themarg the Insei (level 8, -2/61 HPs)
             Began as a Gnoll Transmuter on Sept 7, 2022.
             Was an Initiate of Gozag.
             Slain by a gnoll
             ... wielding a +0 halberd
             ... led by a gnoll sergeant
              (3 damage)
             ... on level 6 of the Dungeon.
             The game lasted 00:21:16 (7045 turns).

themarg the Insei (Gnoll Transmuter)                Turns: 7045, Time: 00:21:16

Health: -2/61      AC:  2    Str: 10    XL:     8   Next: 98%
Magic:  14/17      EV: 23    Int: 15    God:    Gozag
Gold:   353        SH:  0    Dex: 17    Spells: 13/19 levels left

rFire   + . .      SeeInvis .     - Unarmed
rCold   . . .      Faith    .   (shield currently unavailable)
rNeg    . . .      Spirit   .   (body armour currently unavailable)
rPois   x          Reflect  .   (helmet currently unavailable)
rElec   .          Harm     .   (cloak currently unavailable)
rCorr   .          Rampage  .   (gloves currently unavailable)
Will    .....                   (boots currently unavailable)
Stlth   +++.......              (no amulet)
HPRegen 0.20/turn               g - ring of protection from fire
MPRegen 0.15/turn               (no ring)

@: spider-form, wereblooded, gold aura, hasted, very quick
A: venomous fangs, tiny, (fangs 1), strong nose, distributed training
a: End Transformation, Renounce Religion, Potion Petition, Call Merchant, Bribe
Branch


You were on level 6 of the Dungeon.
You worshipped Gozag.
Gozag was aware of your devotion.
You were a venomous arachnid creature.
You visited 2 branches of the dungeon, and saw 8 of its levels.
You also visited: Sewer.

You collected 535 gold pieces.
You spent 36 gold pieces at shops.
You paid 146 gold pieces to Gozag.

Inventory:

Hand Weapons
 j - a +0 dagger
 t - a +0 mace of protection (melded)
 F - a +2 hand axe of flaming
Missiles
 d - 2 curare-tipped darts
 G - 3 poisoned darts
Armour
 a - a +0 robe (melded)
 m - a +2 helmet (melded)
 q - a +0 cloak (melded)
 w - a +0 pair of gloves (melded)
Magical Staves
 H - a staff of conjuration
Jewellery
 g - a ring of protection from fire (left front leg)
 E - a +6 ring of intelligence
Wands
 N - a wand of light (9)
Scrolls
 f - a scroll of teleportation {unknown}
 h - 4 scrolls of identify {unknown}
 i - a scroll of enchant armour {unknown}
 k - a scroll of magic mapping {unknown}
 l - a scroll of brand weapon {unknown}
 p - 2 scrolls of fear {unknown}
 r - a scroll of noise {unknown}
 u - 2 scrolls of enchant weapon {unknown}
 v - 2 scrolls of amnesia {unknown}
 y - 2 scrolls of torment {unknown}
 D - 2 scrolls of blinking {unknown}
 I - a scroll of acquirement {unknown}
 J - a scroll of summoning {unknown}
 K - a scroll of butterflies {unknown}
 L - a scroll of vulnerability {unknown}
Potions
 b - a potion of lignification
 c - a potion of flight {unknown}
 e - 4 potions of curing
 n - 5 potions of attraction {unknown}
 o - 2 potions of haste
 s - a potion of might {unknown}
 x - 4 potions of mutation {unknown}
 z - a potion of cancellation {unknown}
 A - 2 potions of heal wounds {unknown}
 B - 3 potions of brilliance {unknown}
 C - a potion of magic {unknown}
 M - a potion of degeneration {unknown}


   Skills:
 + Level 4.7 Fighting
 + Level 3.9 Short Blades
 + Level 3.9 Long Blades
 + Level 3.9 Axes
 + Level 3.9 Maces & Flails
 + Level 3.9 Polearms
 + Level 3.9 Staves
 + Level 3.9 Ranged Weapons
 + Level 3.9 Throwing
 + Level 3.9 Armour
 + Level 6.1 Dodging
 + Level 3.9 Stealth
 + Level 3.9 Shields
 + Level 7.7 Unarmed Combat
 + Level 6.4 Spellcasting
 + Level 3.2 Conjurations
 + Level 3.2 Hexes
 + Level 3.2 Summonings
 + Level 3.2 Necromancy
 + Level 3.2 Translocations
 + Level 5.0 Transmutations
 + Level 3.2 Fire Magic
 + Level 3.2 Ice Magic
 + Level 3.2 Air Magic
 + Level 3.2 Earth Magic
 + Level 3.2 Poison Magic
 + Level 4.2 Invocations
 + Level 3.9 Evocations


You had 13 spell levels left.
You knew the following spells:

 Your Spells              Type           Power      Damage    Failure   Level
a - Beastly Appendage     Tmut           38%        N/A       8%          1
b - Wereblood             Tmut           19%        N/A       10%         2
c - Spider Form           Tmut/Pois      17%        N/A       21%         3

Your spell library contained the following spells:

 Spells                   Type           Power      Damage    Failure   Level
 Frozen Ramparts          Ice            28%        1d5       28%         3
 Ice Form                 Ice/Tmut       17%        N/A       47%         4
 Summon Ice Beast         Ice/Summ       14%        N/A       58%         4


Dungeon Overview and Level Annotations

Branches:
Dungeon (7/15)             Temple (1/1) D:5           Sewer (visited)

Altars:
Ashenzari
Cheibriados
Dithmenos
Elyvilon
Fedhas
Gozag
Kikubaaqudgha
Makhleb
Nemelex Xobeh
Qazlal
Sif Muna
Trog
Uskayaw
Vehumet
Wu Jian
Xom
Yredelemnul
Zin
The Shining One

Shops:
D:1 (?![!   D:6 (

Annotations:
D:3 1 exclusion
D:5 3 runed translucent doors, styxcanada's ghost, novice SpBr


Innate Abilities, Weirdness & Mutations

You are a venomous arachnid creature.
You have poisonous fangs.
You are tiny and dextrous.
Your spellcasting is less reliable in this form.
Your armour is entirely melded.
You are incapable of wielding weapons or throwing items.
((You have very sharp teeth.))
Your uncanny sense of smell can sniff out nearby items.
Your experience applies equally to all skills.


Message History

The gnoll closely misses you. The gnoll sergeant misses you.
The gnoll hits you with a +0 club.
You bite the gnoll!
You feel a bit better.
You kill the gnoll!
The gnoll sergeant hits you from afar with a +0 spear!
The gnoll closely misses you.
You completely miss the gnoll. The gnoll sergeant misses you.
The gnoll hits you from afar with a +0 halberd!
You hit the gnoll.
The gnoll is heavily wounded.
The gnoll sergeant completely misses you.
The gnoll closely misses you. The gnoll completely misses you.
The gnoll misses you.
You bite the gnoll!
You feel a bit better.
You kill the gnoll!
The gnoll hits you from afar with a +0 halberd!
The gnoll closely misses you. The gnoll sergeant closely misses you.
The gnoll hits you with a +0 flail.
You hit the gnoll but do no damage.
The gnoll is poisoned.
You bite the gnoll!
The gnoll is heavily wounded.
You hiss as the wereblood boils in your veins!
The gnoll closely misses you.
The gnoll sergeant hits you from afar with a +0 spear.
The gnoll misses you.
You barely miss the gnoll.
The gnoll is heavily wounded.
The gnoll closely misses you.
The gnoll sergeant hits you from afar with a +0 spear!
* * * LOW HITPOINT WARNING * * *
The gnoll closely misses you. The gnoll hits you with a +0 club.
* * * LOW HITPOINT WARNING * * *
The gnoll attacks as you move away! The gnoll closely misses you.
The gnoll sergeant hits you with a +0 spear!
* * * LOW HITPOINT WARNING * * *
The gnoll closely misses you.
You feel yourself speed up.
The gnoll hits you from afar with a +0 halberd.
You die...
Your body crumbles into a pile of gold.

..........#.....# ##....
#.........#.....###......
#.........#..............
#.........#..............
......###.#####..........
...... ... #..........
..... .... #..........
.....#.g.$#.....
.......sg.......
.#.....#gg......
#.....#........
.......#........
.......#........
.......##....... .......
....... $ ....... ......


You could see a gnoll sergeant and 3 gnolls.

Vanquished Creatures
  3 ogres
  A centaur (D:5)
  3 phantoms
  A kobold brigand (Sewer)
  A necrophage (D:5)
  5 wights (D:6)
  2 jellies (D:5)
  A howler monkey (D:6)
  2 hounds
  An orc priest (D:5)
  Natasha (thrice) (D:3)
  An orc wizard (D:6)
  5 gnolls
  15 adders
  5 river rats (Sewer)
  An ufetubus (D:5)
  2 worms
  4 dart slugs
  17 orcs
  15 ball pythons
  5 bats
  10 endoplasms
  2 giant cockroaches
  6 goblins
  8 hobgoblins
  3 quokkas
  4 frilled lizards
  21 kobolds
  22 rats
169 creatures vanquished.

Notes
Turn   | Place    | Note
-------+----------+-------------------------------------------
     0 | D:1      | themarg the Gnoll Transmuter began the quest for the Orb.
     0 | D:1      | Reached XP level 1. HP: 17/17 MP: 6/6
   182 | D:1      | Found Zihaf's Antique Weapon Shoppe.
   305 | D:1      | Found Abaw's Magic Scroll Boutique.
   336 | D:1      | Reached XP level 2. HP: 12/23 MP: 5/7
   508 | D:1      | Learned a level 2 spell: Wereblood
   752 | D:1      | Found Anepn's Distillery.
  1237 | D:1      | Found Sume's Distillery.
  1377 | D:1      | Found Ylli's Armour Boutique.
  1382 | D:1      | Reached skill level 5 in Spellcasting
  1382 | D:1      | Reached XP level 3. HP: 20/28 MP: 6/9
  1470 | D:1      | Learned a level 3 spell: Spider Form
  1536 | D:1      | Found a faded altar of an unknown god.
  1640 | D:1      | Bought a potion of curing for 36 gold pieces
  1843 | D:2      | Reached skill level 1 in Invocations
  1952 | D:2      | Reached skill level 1 in Short Blades
  1952 | D:2      | Reached skill level 1 in Long Blades
  1952 | D:2      | Reached skill level 1 in Axes
  1952 | D:2      | Reached skill level 1 in Maces & Flails
  1952 | D:2      | Reached skill level 1 in Polearms
  1952 | D:2      | Reached skill level 1 in Staves
  1952 | D:2      | Reached skill level 1 in Ranged Weapons
  1952 | D:2      | Reached skill level 1 in Throwing
  1952 | D:2      | Reached skill level 1 in Armour
  1952 | D:2      | Reached skill level 1 in Stealth
  1952 | D:2      | Reached skill level 1 in Shields
  1952 | D:2      | Reached skill level 1 in Evocations
  2209 | D:2      | Reached XP level 4. HP: 28/34 MP: 3/11
  2766 | D:3      | Reached skill level 1 in Conjurations
  2766 | D:3      | Reached skill level 1 in Hexes
  2766 | D:3      | Reached skill level 1 in Summonings
  2766 | D:3      | Reached skill level 1 in Necromancy
  2766 | D:3      | Reached skill level 1 in Translocations
  2766 | D:3      | Reached skill level 1 in Fire Magic
  2766 | D:3      | Reached skill level 1 in Ice Magic
  2766 | D:3      | Reached skill level 1 in Air Magic
  2766 | D:3      | Reached skill level 1 in Earth Magic
  2766 | D:3      | Reached skill level 1 in Poison Magic
  2787 | D:3      | Noticed a phantom
  2811 | D:3      | Killed a phantom
  2812 | D:3      | Reached XP level 5. HP: 30/41 MP: 7/12
  2915 | D:3      | Noticed Natasha
  2921 | D:3      | Killed Natasha
  3014 | D:3      | Reached XP level 6. HP: 41/47 MP: 10/13
  3016 | D:3      | Found a glowing drain.
  3039 | Sewer    | Entered a sewer
  3150 | Sewer    | Reached skill level 5 in Dodging
  3920 | D:3      | Noticed Natasha
  3927 | D:3      | Killed Natasha
  3928 | D:3      | Reached skill level 7 in Unarmed Combat
  3928 | D:3      | Reached XP level 7. HP: 37/52 MP: 12/15
  4039 | D:3      | Noticed Natasha
  4049 | D:3      | Killed Natasha
  4378 | D:4      | You fall into a shaft and drop 3 floors!
  4644 | D:6      | Found Cyxoytid's Weapon Emporium.
  4669 | D:5      | Entered Level 5 of the Dungeon
  4730 | D:5      | Found a staircase to the Ecumenical Temple.
  4749 | D:5      | Reached XP level 8. HP: 60/60 MP: 10/16
  4750 | Temple   | Entered the Ecumenical Temple
  4793 | Temple   | Became a worshipper of Gozag Ym Sagoz the Greedy
  5623 | D:5      | Found a runed translucent gate.
  5625 | D:5      | Found a runed translucent gate.
  5626 | D:5      | Found a runed translucent gate.
  5627 | D:5      | Found an opulent altar of Gozag.
  5628 | D:5      | Noticed a two-headed ogre
  5629 | D:5      | Noticed styxcanada's ghost (novice SpBr)
  6619 | D:6      | Reached skill level 5 in Transmutations
  7044 | D:6      | HP: 1/61 [gnoll sergeant/+0 spear (10)]
  7045 | D:6      | Slain by a gnoll

Illustrated notes

Levels and vault maps discovered:
D:1:      onia_arrival_mini_maze, layout_rooms, serial_shops, shop_statue,
          nicolae_shop_trees, shop_fountains, nicolae_shop_behind_doors,
          nicolae_shop_trees, ebering_ecumenical_altar_petrified
D:2:      minmay_diamond_boxcup, layout_basic, minmay_heptomino_d4
D:3:      layout_rooms, portal_sewer_entry_e, minmay_checkerbox, uniq_natasha
D:4:      layout_rooms, roderic_lattice_a
D:5:      layout_basic, minmay_temple_entry_hall, ebering_ghost_gozag
D:6:      layout_basic, serial_shops, nicolae_shop_bloodbath_and_beyond
D:7:      layout_rooms, kennysheep_generic_room_3
Temple:   hellmonk_temple_of_storms

Skill      XL: |  1  2  3  4  5  6  7  8 |
---------------+-------------------------+-----
Spellcasting   | 5 6 |  6.4
Invocations    | 1 2 3 4 |  4.2
Short Blades   | 1 2 3 |  3.9
Long Blades    | 1 2 3 |  3.9
Axes           | 1 2 3 |  3.9
Maces & Flails | 1 2 3 |  3.9
Polearms       | 1 2 3 |  3.9
Staves         | 1 2 3 |  3.9
Ranged Weapons | 1 2 3 |  3.9
Throwing       | 1 2 3 |  3.9
Armour         | 1 2 3 |  3.9
Stealth        | 1 2 3 |  3.9
Shields        | 1 2 3 |  3.9
Evocations     | 1 2 3 |  3.9
Conjurations   | 1 2 3 |  3.2
Hexes          | 1 2 3 |  3.2
Summonings     | 1 2 3 |  3.2
Necromancy     | 1 2 3 |  3.2
Translocations | 1 2 3 |  3.2
Fire Magic     | 1 2 3 |  3.2
Ice Magic      | 1 2 3 |  3.2
Air Magic      | 1 2 3 |  3.2
Earth Magic    | 1 2 3 |  3.2
Poison Magic   | 1 2 3 |  3.2
Fighting       | 3 4 |  4.7
Transmutations | 4 5 |  5.0
Dodging        | 5 6 |  6.1
Unarmed Combat | 7 |  7.7

Action                   |  1- 3 |  4- 6 |  7- 9 || total
-------------------------+-------+-------+-------++-------
Melee: Club              |    49 |       |       ||    49
       Kick              |    22 |     3 |       ||    25
       Unarmed           |     7 |   159 |   171 ||   337
       Headbutt          |    13 |       |       ||    13
       Bite              |     6 |       |       ||     6
       Dagger            |    45 |       |       ||    45
       Punch             |     2 |       |       ||     2
       Mace              |    15 |    22 |     1 ||    38
 Cast: Beastly Appendage |    27 |     4 |       ||    31
       Spider Form       |     1 |    21 |    30 ||    52
       Wereblood         |       |     3 |     2 ||     5
  Use: Potion            |       |       |     1 ||     1
 Stab: Sleeping          |     4 |     2 |     7 ||    13
Armor: Robe              |    25 |     8 |       ||    33
       Skin              |       |     7 |     4 ||    11
Dodge: Dodged            |    76 |   166 |   146 ||   388
